 Dungeon Crawl Stone Soup version 0.30.0 (webtiles) character file.

Game seed: 15550504017944277341

38281 medeski101 the Severer (level 13, -2/108 HPs)
             Began as a Minotaur Fighter on Aug 29, 2023.
             Was a High Priest of Nemelex Xobeh.
             Killed by divine providence
             ... invoked by a meliai
              (14 damage)
             ... on level 14 of the Dungeon on Aug 31, 2023.
             The game lasted 02:13:43 (13446 turns).

medeski101 the Severer (Minotaur Fighter)          Turns: 13446, Time: 02:13:43

Health: -2/108     AC: 37    Str: 21    XL:     13   Next: 63%
Magic:  12/12      EV:  9    Int:  7    God:    Nemelex Xobeh [*****.]
Gold:   1051       SH: 19    Dex: 13    Spells: 12/12 levels left

rFire   . . .        a - +1 war axe (spect)
rCold   . . .        c - +2 tower shield
rNeg    . . .        P - +3 crystal plate armour
rPois   .            (helmet restricted)
rElec   .            B - +0 cloak
rCorr   .            x - +0 pair of gloves
SInv    .            r - +0 pair of boots
Will    .....        (no amulet) Stlth
                     K - +5 ring of evasion
HPRegen 0.38/turn    o - +4 ring of protection
MPRegen 0.13/turn

%: no passive effects
@: mighty, about to teleport
A: horns 2, retaliatory headbutt
a: Renounce Religion, Draw Escape, Draw Destruction, Draw Summoning, Triple
Draw, Deal Four, Stack Five


You were on level 14 of the Dungeon.
You worshipped Nemelex Xobeh.
Nemelex Xobeh was extremely pleased with you.
You visited 3 branches of the dungeon, and saw 17 of its levels.

You collected 1606 gold pieces.
You spent 555 gold pieces at shops.

Inventory:

Hand Weapons
 a - a +1 spectral war axe (weapon)
 b - a +0 war axe of distortion
 e - a +2 heavy battleaxe
 C - a +3 hand axe
Missiles
 J - 6 silver boomerangs (quivered)
Armour
 c - a +2 tower shield (worn)
 h - the +1 plate armour of Hym Ulih {Will++}
   (You found it on level 13 of the Dungeon)

   Will:      It greatly increases your willpower.
 r - a +0 pair of boots (worn)
 x - a +0 pair of gloves (worn)
 B - a +0 cloak (worn)
 P - a +3 crystal plate armour (worn)
Jewellery
 o - a +4 ring of protection (right hand)
 s - a +6 ring of dexterity
 w - an amulet of magic regeneration
 K - a +5 ring of evasion (left hand)
 Q - the amulet of Elemental Vulnerability {rPois rF-- rC-- AC+8}
   (You found it on level 11 of the Dungeon)

   [amulet of nothing]

   AC:        It affects your AC (+8).
   rF:        It makes you very vulnerable to fire.
   rC:        It makes you very vulnerable to cold.
   rPois:     It protects you from poison.
Wands
 v - a wand of roots (9)
 L - a wand of quicksilver (11)
 O - a wand of charming (3)
 R - a wand of polymorph (4)
Scrolls
 g - 3 scrolls of fear
 i - a scroll of identify
 l - a scroll of teleportation
 m - 2 scrolls of blinking
 u - 5 scrolls of amnesia
 y - 2 scrolls of magic mapping
 S - a scroll of summoning
 T - 4 scrolls of immolation
 U - a scroll of silence
 Y - 2 scrolls of fog
Potions
 d - 2 potions of might
 f - a potion of heal wounds
 k - 4 potions of attraction
 p - 4 potions of haste
 q - 2 potions of curing
 A - 3 potions of brilliance
 G - 2 potions of flight
 V - a potion of invisibility
 W - 3 potions of resistance
 X - a potion of ambrosia


   Skills:
 - Level 8.4 Fighting
 - Level 17.9 Axes
 - Level 0.5 Throwing
 - Level 17.0 Armour
 - Level 1.0 Dodging
 - Level 0.2 Stealth
 * Level 12.1 Shields
 - Level 1.3 Invocations


You had 12 spell levels left.
You didn't know any spells.
Your spell library contained the following spells:

 Spells                   Type           Power      Damage    Failure   Level
 Beastly Appendage        Tmut           0%         N/A       100%        1
 Foxfire                  Conj/Fire      0%         2x1d4     100%        1
 Magic Dart               Conj           0%         1d3       100%        1
 Necrotise                Necr           0%         1d4       100%        1
 Slow                     Hex            0%         N/A       100%        1
 Ensorcelled Hibernation  Hex/Ice        0%         N/A       100%        2
 Lesser Beckoning         Tloc           0%         N/A       100%        2
 Passwall                 Tmut/Erth      0%         N/A       100%        2
 Searing Ray              Conj           0%         2d4       100%        2
 Wereblood                Tmut           0%         N/A       100%        2
 Call Canine Familiar     Summ           0%         N/A       100%        3
 Confusing Touch          Hex            0%         N/A       100%        3
 Gell's Gravitas          Tloc           0%         N/A       100%        3
 Portal Projectile        Hex/Tloc       0%         N/A       100%        3
 Spider Form              Tmut/Pois      0%         N/A       100%        3
 Swiftness                Air            0%         N/A       100%        3
 Teleport Other           Tloc           0%         N/A       100%        3
 Vampiric Draining        Necr           0%         2d6       100%        3
 Anguish                  Hex/Necr       0%         N/A       100%        4
 Animate Dead             Necr           0%         N/A       100%        4
 Fulminant Prism          Conj/Hex       0%         3d5       100%        4
 Leda's Liquefaction      Hex/Erth       0%         N/A       100%        4
 Agony                    Necr           0%         N/A       100%        5
 Fireball                 Conj/Fire      0%         3d3       100%        5
 Plasma Beam              Fire/Air       0%         2x1d11    100%        6
 Starburst                Conj/Fire      0%         6d3       100%        6
 Haunt                    Necr/Summ      0%         N/A       100%        7
 Infestation              Necr           0%         N/A       100%        8


Dungeon Overview and Level Annotations

Branches:
Dungeon (14/15)            Temple (0/1) D:6            Lair (0/5) D:8
    Orc (2/2) D:12            Elf (1/3) Orc:2        Vaults (0/5) D:14

Altars:
Ashenzari
Fedhas
Kikubaaqudgha
Makhleb
Nemelex Xobeh
Uskayaw
Vehumet
Wu Jian
Xom

Shops:
D:5 ?   Orc:2 [!**

Portals:
Gauntlet: D:14

Annotations:
D:8 1 runed translucent door, Sumgai83's ghost, novice SpEn


Innate Abilities, Weirdness & Mutations

You have a pair of horns on your head.
You reflexively headbutt those who attack you in melee.


Message History

The slime creature is almost dead.
You hit the slime creature.
The slime creature is almost dead.
You block the slime creature's attack.
You slash the slime creature!
The slime creature is almost dead.
Two slime creatures merge to form an enormous slime creature.
You feel very mighty all of a sudden.
The enormous slime creature barely misses you.
You slash the enormous slime creature!
You headbutt the enormous slime creature!!
The enormous slime creature is severely wounded.
You block the enormous slime creature's attack.
You slash the enormous slime creature!
The enormous slime creature is severely wounded.
You block the enormous slime creature's attack.
You slash the enormous slime creature!
You headbutt the enormous slime creature!
The enormous slime creature is almost dead.
The meliai mumbles some strange prayers to its god against you.
Something smites you!
* * * LOW HITPOINT WARNING * * *
The enormous slime creature hits you but does no damage.
You barely miss the enormous slime creature.
You headbutt the enormous slime creature!
The enormous slime creature is almost dead.
The enormous slime creature closely misses you.
You furiously retaliate!
You headbutt the enormous slime creature!
You slice the enormous slime creature!!
You headbutt the enormous slime creature.
The enormous slime creature is almost dead.
The enormous slime creature hits you!
* * * LOW HITPOINT WARNING * * *
As you read the scroll of teleportation, it crumbles to dust.
You feel strangely unstable.
The meliai calls down the wrath of its god upon you.
Something smites you!
You die...
Your body disappears without a glow.

..........# ........#
##.'.#'# #......#
#....#)### ....#..#y#
#. ... #..#ยง# #. .
#..#y####.# #.
#>..WJ@...## #.
#.##########. #.
#.#...# #.##### #.
#.#.#.# #..^..#####.
#.#.#.########.........
#.#.#..................
#.....####.............
#.#........###.########
#.###....#..[.......##.


You could see an enormous slime creature, a wraith and a meliai.

Vanquished Creatures
  An orc warlord (Orc:1)
  Josephine (D:14)
  A catoblepas (D:11)
  2 hydras
  2 ogre magi (Orc:2)
  3 centaur warriors
  4 boulder beetles
  8 two-headed ogres
  2 dancing weapons (D:14)
  A deep troll (Orc:2)
  A deep elf archer (Orc:2)
  A deep elf pyromancer (D:13)
  2 orc sorcerers
  3 cyclopes
  3 ugly things
  A gargoyle (D:13)
  An efreet (D:12)
  2 kobold demonologists (D:13)
  A komodo dragon (D:11)
  A tengu conjurer (D:13)
  14 trolls
  2 meliai (D:14)
  2 slime creatures (D:9)
  A vampire (D:12)
  7 wraiths
  11 yaks
  A basilisk (D:13)
  4 vampire mosquitoes (D:12)
  4 water moccasins
  An acid dragon (D:10)
  17 orc warriors
  17 ogres
  A tengu (Orc:2)
  2 black bears
  A boggart (Orc:2)
  10 centaurs
  A phantom (D:5)
  3 kobold brigands
  3 bullfrogs
  2 scorpions
  10 wights
  4 killer bees (D:9)
  4 howler monkeys (D:8)
  6 hounds
  6 orc priests
  2 jellies
  A sleepcap (D:4)
  2 iguanas
  15 orc wizards
  6 adders
  A white imp (D:8)
  2 ufetubi
  A worm (D:2)
  A dart slug (D:4)
  57 orcs
  5 endoplasms
  5 giant cockroaches
  10 goblins
  5 hobgoblins
  8 kobolds
  3 quokkas
  10 ball pythons
  3 bats
  2 frilled lizards
  7 rats
  2 bushes (D:9)
323 creatures vanquished.

Vanquished Creatures (collateral kills)
  Erolcha (D:9)
  3 two-headed ogres (Orc:2)
  A deep troll (Orc:2)
  An orc sorcerer (Orc:1)
  A floating eye (Orc:2)
  A swamp drake (Orc:2)
  4 ogres (Orc:2)
  A bullfrog (Orc:2)
  An orc wizard (Orc:2)
  A river rat (Orc:2)
  An orc (Orc:1)
16 creatures vanquished.

Vanquished Creatures (others)
  An orc wizard (Orc:1)
  2 orcs
  2 plants (D:9)
  10 spectral weapons
15 creatures vanquished.

Grand Total: 354 creatures vanquished

Notes
Turn   | Place    | Note
-------+----------+-------------------------------------------
     0 | D:1      | medeski101 the Minotaur Fighter began the quest for the
                  | Orb.
     0 | D:1      | Reached XP level 1. HP: 19/19 MP: 0/0
   337 | D:1      | Reached XP level 2. HP: 27/27 MP: 1/1
  1209 | D:2      | Reached XP level 3. HP: 22/33 MP: 2/2
  1557 | D:2      | Found a faded altar of an unknown god.
  2038 | D:3      | Found a sparkling altar of Nemelex Xobeh.
  2107 | D:3      | Became a worshipper of Nemelex Xobeh the Trickster
  2201 | D:3      | Found a large runed translucent door.
  2202 | D:3      | Found a large runed translucent door.
  2215 | D:3      | Found an ornate altar of the Wu Jian Council.
  2228 | D:3      | Found a broken altar of Ashenzari.
  2351 | D:3      | Reached skill level 1 in Dodging
  2351 | D:3      | Reached XP level 4. HP: 40/40 MP: 3/3
  2451 | D:4      | Noticed an ogre
  2455 | D:4      | Killed an ogre
  2456 | D:4      | Reached XP level 5. HP: 27/47 MP: 4/4
  2462 | D:4      | Reached skill level 5 in Axes
  2679 | D:4      | Found a shimmering altar of Xom.
  2787 | D:4      | Reached XP level 6. HP: 55/55 MP: 5/5
  2849 | D:4      | Reached * piety under Nemelex Xobeh
  3471 | D:5      | Entered Level 5 of the Dungeon
  3471 | D:5      | Received a gift from Nemelex Xobeh
  3504 | D:5      | Found a hide-covered altar of Uskayaw.
  3512 | D:5      | Found Murolutt's Magic Scroll Emporium.
  3519 | D:5      | Bought a scroll of identify for 28 gold pieces
  3519 | D:5      | Bought a scroll of blinking for 105 gold pieces
  3519 | D:5      | Bought a scroll of identify for 28 gold pieces
  3547 | D:5      | Reached XP level 7. HP: 60/60 MP: 6/6
  3698 | D:5      | Reached ** piety under Nemelex Xobeh
  4062 | D:6      | Found a staircase to the Ecumenical Temple.
  4388 | D:6      | Reached skill level 10 in Axes
  4556 | D:6      | Reached XP level 8. HP: 67/67 MP: 7/7
  5066 | D:7      | Found an ancient bone altar of Kikubaaqudgha.
  5497 | D:8      | Received a gift from Nemelex Xobeh
  5512 | D:8      | Reached XP level 9. HP: 72/73 MP: 8/8
  5547 | D:8      | Found a staircase to the Lair.
  5655 | D:8      | Noticed a boulder beetle
  5684 | D:8      | Killed a boulder beetle
  5811 | D:8      | Reached *** piety under Nemelex Xobeh
  5926 | D:8      | Found a runed translucent door.
  5929 | D:8      | Noticed Sumgai83's ghost (novice SpEn)
  6365 | D:9      | Received a gift from Nemelex Xobeh
  6375 | D:9      | Noticed a two-headed ogre
  6385 | D:9      | Killed a two-headed ogre
  6386 | D:9      | Reached skill level 15 in Axes
  6387 | D:9      | Noticed Erolcha
  6543 | D:9      | Reached XP level 10. HP: 75/80 MP: 9/9
  6672 | D:9      | Reached skill level 5 in Fighting
  6850 | D:9      | Found a burning altar of Makhleb.
  6850 | D:9      | Found a blossoming altar of Fedhas.
  6851 | D:9      | Found a radiant altar of Vehumet.
  7131 | D:9      | Killed Erolcha
  7647 | D:10     | Entered Level 10 of the Dungeon
  7679 | D:10     | Noticed a two-headed ogre
  7690 | D:10     | Killed a two-headed ogre
  7691 | D:10     | Reached skill level 5 in Armour
  7743 | D:10     | Received a gift from Nemelex Xobeh
  7747 | D:10     | Noticed a two-headed ogre
  7758 | D:10     | Killed a two-headed ogre
  7759 | D:10     | Reached skill level 5 in Shields
  8098 | D:10     | Reached XP level 11. HP: 85/95 MP: 10/10
  8366 | D:11     | Noticed a brown ugly thing
  8385 | D:11     | Killed a brown ugly thing
  8488 | D:11     | Noticed a catoblepas
  8505 | D:11     | Killed a catoblepas
  8740 | D:11     | Found the amulet of Elemental Vulnerability {rPois rF--
                  | rC-- AC+8}
  8810 | D:11     | Reached skill level 10 in Armour
  8967 | D:12     | Reached **** piety under Nemelex Xobeh
  8993 | D:12     | Noticed a brown ugly thing
  9002 | D:12     | Killed a brown ugly thing
  9106 | D:12     | Noticed a white ugly thing
  9118 | D:12     | Killed a white ugly thing
 10010 | D:12     | Received a gift from Nemelex Xobeh
 10074 | D:12     | Found a staircase to the Orcish Mines.
 10083 | Orc:1    | Entered Level 1 of the Orcish Mines
 10083 | Orc:1    | Noticed an orc sorcerer
 10091 | Orc:1    | Killed an orc sorcerer
 10174 | Orc:2    | Entered Level 2 of the Orcish Mines
 10412 | Orc:2    | Found a staircase to the Elven Halls.
 10423 | Orc:2    | Noticed a two-headed ogre
 10425 | Orc:2    | Noticed a two-headed ogre
 10426 | Orc:2    | Noticed a two-headed ogre
 10429 | Orc:2    | Noticed a two-headed ogre
 10432 | Orc:2    | Noticed a deep troll
 10433 | Orc:2    | Noticed a two-headed ogre
 10434 | Orc:2    | Killed a two-headed ogre
 10434 | Orc:2    | Killed a two-headed ogre
 10434 | Orc:2    | Noticed a two-headed ogre
 10435 | Orc:2    | Reached XP level 12. HP: 103/103 MP: 9/11
 10436 | Orc:2    | Killed a two-headed ogre
 10440 | Orc:2    | Identified the +1 trident of the Original Sin {chaos,
                  | Str+3}
 10446 | Orc:2    | Killed a two-headed ogre
 10447 | Orc:2    | Reached skill level 15 in Armour
 10448 | Orc:2    | Killed a two-headed ogre
 10449 | Orc:2    | Reached skill level 1 in Invocations
 10450 | Orc:2    | Killed a two-headed ogre
 10453 | Orc:2    | Noticed an ogre mage
 10459 | Orc:2    | Killed an ogre mage
 10481 | Orc:1    | HP: 1/103 [orc warrior/+0 arbalest (6)]
 10493 | Orc:1    | HP: 4/103 [orc sorcerer/+0 dagger (5)]
 10870 | Orc:1    | Noticed an orc warlord
 10901 | Orc:1    | Killed an orc warlord
 11347 | Orc:2    | Paralysed by an orc sorcerer for 5 turns
 11468 | Orc:2    | Noticed an ogre mage
 11477 | Orc:2    | Killed an ogre mage
 11489 | Orc:2    | Found Haenei's Distillery.
 11494 | Orc:2    | Found Moix's General Store.
 11494 | Orc:2    | Noticed a two-headed ogre
 11500 | Orc:2    | Killed a two-headed ogre
 11521 | Orc:2    | Noticed a two-headed ogre
 11528 | Orc:2    | Killed a two-headed ogre
 11529 | Orc:2    | Reached XP level 13. HP: 98/108 MP: 12/12
 11557 | Orc:2    | Found Zicku's General Store.
 11622 | Orc:2    | Found Qibbuepi's Antique Armour Shop.
 11639 | Orc:2    | Bought a glowing tower shield for 165 gold pieces
 11671 | Orc:2    | Bought a potion of might for 64 gold pieces
 11679 | Orc:2    | Bought a potion of heal wounds for 55 gold pieces
 11679 | Orc:2    | Bought a potion of resistance for 110 gold pieces
 11755 | Elf:1    | Entered Level 1 of the Elven Halls
 11899 | D:13     | Received a gift from Nemelex Xobeh
 12031 | D:13     | Identified the +1 plate armour of Hym Ulih {Will++}
 12036 | D:13     | Found an ancient bone altar of Kikubaaqudgha.
 12530 | D:13     | Reached skill level 10 in Shields
 12607 | D:13     | Reached ***** piety under Nemelex Xobeh
 12607 | D:13     | Received a gift from Nemelex Xobeh
 13354 | D:14     | Found a gate to the Vaults.
 13407 | D:14     | Noticed Josephine
 13413 | D:14     | Found a gate leading to a gauntlet.
 13426 | D:14     | Killed Josephine
 13446 | D:14     | Killed from afar by a meliai

Illustrated notes

Levels and vault maps discovered:
D:1:      dreamdust_arrival_sigmund_warning, layout_basic,
          hangedman_decor_growths
D:2:      layout_loops_ring, nicolae_ecumenical_lake_church
D:3:      layout_basic, mainiacjoe_overflow_catwalk, jmf_multi_god_temple2
D:4:      layout_loops_corners, mainiacjoe_overflow_six_doors_small,
          minmay_a_box_with_orc_wizards_in_it
D:5:      layout_basic, nicolae_uskayaw_dance_hall, serial_shops, shop
D:6:      layout_basic, minmay_temple_entry_stoned_glass
D:7:      layout_basic, mainiacjoe_overflow_brackets, serial_rivers,
          chequers_serial_rivers_small_a, chequers_serial_rivers_room_b,
          chequers_serial_rivers_small_a, chequers_serial_rivers_room_a,
          st_stairs_6, serial_park_tiny_1
D:8:      layout_loops_ring, dpeg_oklobed_lair, ebering_ghost_reflecting_pool
D:9:      layout_basic, gammafunk_temple_overflow_forgotten, minivault_20,
          uniq_erolcha
D:10:     layout_cave_pools
D:11:     layout_roguey
D:12:     layout_loops_ring
D:13:     layout_irregular_city, kiku_gazebo_pond_becter
D:14:     kennysheep_treasure_stockpile, layout_basic, erik_vaults_1,
          gauntlet_entry_generic, uniq_josephine
Orc:1:    layout_caves
Orc:2:    st_orc_open, layout_diamond_mine, library_closet
Elf:1:    nicolae_elf_arrival_fired_up, layout_loops_cross, basic_altar,
          minmay_elf_sorcery, hangedman_elven_ridges, solitary_fountain,
          guppyfry_library_mini

Skill      XL: |  1  2  3  4  5  6  7  8  9 10 11 12 13 |
---------------+----------------------------------------+-----
Armour         | 4 8 14 17 | 17.0
Axes           | 3 4 6 8 10 13 16 17 | 17.9
Shields        | 4 6 12 | 12.1
Fighting       | 4 8 |  8.4
Dodging        | 1 |  1.0
Invocations    | 1 |  1.3
Throwing       | |  0.5
Stealth        | |  0.2

Action                     |  1- 3 |  4- 6 |  7- 9 | 10-12 | 13-15 || total
---------------------------+-------+-------+-------+-------+-------++-------
  Melee: War axe           |    71 |    84 |   123 |   299 |   156 ||   733
         Headbutt          |    14 |    12 |    31 |    86 |    44 ||   187
         Battleaxe         |       |       |       |    23 |    12 ||    35
  Throw: Boomerang         |       |       |     3 |    19 |     3 ||    25
 Invoke: Draw Destruction  |       |     1 |       |     3 |     1 ||     5
         Draw Summoning    |       |       |       |     3 |       ||     3
         Triple Draw       |       |       |       |     1 |       ||     1
         Draw Escape       |       |       |       |     1 |     1 ||     2
  Evoke: Wand              |       |       |       |     2 |       ||     2
    Use: Scroll            |       |     6 |     7 |    15 |     2 ||    30
         Potion            |       |       |       |     5 |     2 ||     7
   Stab: Distracted        |       |       |     3 |     7 |     4 ||    14
 Armour: Chain mail        |    32 |    62 |    58 |     3 |       ||   155
         Crystal plate arm |       |       |       |   164 |   110 ||   274
  Dodge: Dodged            |    27 |    35 |    21 |   118 |    57 ||   258
  Block: Buckler           |    12 |    19 |    23 |    68 |       ||   122
         Tower shield      |       |       |       |       |   146 ||   146
